 Dungeon Crawl Stone Soup version 0.20-a0-656-g9b0dcd9 (webtiles) character file.

5000 Colliwobble the Cleaver (level 10, -6/90 HPs)
             Began as a Minotaur Fighter on Feb 15, 2017.
             Was a Priest of Qazlal.
             Mangled by a minotaur
             ... wielding a +4 scimitar of distortion
              (23 damage)
             ... in a labyrinth on Feb 17, 2017.
             The game lasted 00:25:59 (9040 turns).

Colliwobble the Cleaver (Minotaur Fighter)          Turns: 9040, Time: 00:26:00

Health: -6/90      AC: 15    Str: 33    XL:     10   Next: 29%
Magic:  15/15      EV:  6    Int:  5    God:    Qazlal [***...]
Gold:   275        SH: 15    Dex:  9    Spells: 8/9 levels left

rFire    . . .     SeeInvis .   a - +0 war axe
rCold    + . .     Gourm    +   p - +0 plate armour
rNeg     . . .     Faith    .   c - +0 shield
rPois    .         Spirit   .   J - +2 hat
rElec    .         Reflect  .   j - scarf {rC+}
rCorr    .         Harm     .   (no gloves)
MR       .....                  (no boots)
Stlth    ..........             x - amulet of the gourmand
Regen    0.3/turn               (no ring)
MPRegen  0.2/turn               C - +3 ring of strength

@: mighty
A: retaliatory headbutt, horns 2
a: Upheaval, Elemental Force, Renounce Religion


You were in a labyrinth.
You worshipped Qazlal.
Qazlal was most pleased with you.
You were full.

You visited 3 branches of the dungeon, and saw 12 of its levels.
You also visited: Labyrinth.

You collected 455 gold pieces.
You spent 180 gold pieces at shops.

Inventory:

Hand Weapons
 a - a +0 war axe (weapon)
 z - a +2 flail of crushing
Missiles
 g - a throwing net
 B - 6 tomahawks (quivered)
Armour
 c - a +0 shield (worn)
 j - a scarf of cold resistance (worn)
 p - a +0 plate armour (worn)
 q - a +0 pair of gloves
 J - a +2 hat (worn)
Jewellery
 x - an amulet of the gourmand (around neck)
 C - a +3 ring of strength (left hand)
 M - an uncursed ring of magical power {unknown}
Wands
 E - a wand of confusion (16/48)
 G - a wand of confusion (31/48)
Scrolls
 e - 2 scrolls of amnesia {unknown}
 h - 4 scrolls of recharging
 i - 4 scrolls of identify
 k - 2 scrolls of remove curse
 r - a scroll of random uselessness {unknown}
 s - 2 scrolls of enchant armour {unknown}
 t - 2 scrolls of teleportation
 v - a scroll of torment {unknown}
 w - a scroll of magic mapping
 y - a scroll of immolation {unknown}
 A - 4 scrolls of enchant weapon {unknown}
 D - a scroll of blinking {unknown}
 F - a scroll of noise {unknown}
 K - a scroll of vulnerability {unknown}
Potions
 b - a potion of resistance
 d - 2 potions of might
 m - a potion of ambrosia {unknown}
 n - a potion of cancellation
 H - a potion of curing
 I - 3 potions of flight {unknown}
Comestibles
 f - 5 bread rations
 l - 4 meat rations
 u - 7 royal jellies


   Skills:
 - Level 8.4 Fighting
 - Level 11.0 Axes
 - Level 8.4 Armour
 - Level 3.6 Shields
 + Level 8.3 Invocations


You had 8 spell levels left.
You knew the following spells:

 Your Spells              Type           Power        Failure   Level  Hunger
a - Apportation           Tloc           #.....       100%        1    ##.....


Dungeon Overview and Level Annotations

Branches:
Dungeon (10/15)            Temple (1/1) D:5            Lair (1/6) D:8
    Orc: D:9-12

Altars:
Ashenzari
Cheibriados
Dithmenos
Elyvilon
Gozag
Hepliaklqana
Kikubaaqudgha
Makhleb
Nemelex Xobeh
Okawaru
Qazlal
Ru
Trog
Uskayaw
Vehumet
Xom
Zin
The Shining One

Shops:
D:4 }   D:8 }!?

Annotations:
D:9 beehive, 2 exclusions


Innate Abilities, Weirdness & Mutations

You reflexively headbutt those who attack you in melee.
You have a pair of horns on your head.


Message History

Space warps horribly around you!
The minotaur gores you but does no damage.
You hit the minotaur.
The minotaur is severely wounded.
Your surroundings suddenly seem different.
You hear a bellow!
Found a paperback book.
Found an escape hatch in the ceiling.
You feel much better. You block the minotaur's attack. x2
You slash the minotaur! Your headbutt misses the minotaur.
The minotaur is severely wounded.
The minotaur hits you with a scimitar of distortion!!
Space warps horribly around you!
* * * LOW HITPOINT WARNING * * *
The minotaur gores you!
* * * LOW HITPOINT WARNING * * *
You hit the minotaur. You headbutt the minotaur!
The minotaur is almost dead.
The minotaur hits you with a scimitar of distortion!!
You die...

#########.##
#.### # #.#.#
..#.# # .
.###.#.# # ##
# #.. .#...#.
.. #####.#...#
. .. . # #....
#..## # # ..
#.###.#..# # #
#
#...H#.#.≈≈#..
####@'...<≈# #
#..#.#.≈≈#.. #
#..# # ≈#. .
#..## ## . #
#... .. . #. .
...... .
###.##### #. .
# #.


You could see a minotaur.

Vanquished Creatures
  An unseen horror (D:10)
  A troll (D:10)
  A wyvern (D:8)
  A hungry ghost (D:8)
  A steam dragon (D:8)
  Edmund (D:4)
  4 orc warriors
  A necrophage (D:7)
  3 ice beasts
  3 ogres
  A crocodile (D:8)
  A big kobold (D:7)
  6 bullfrogs
  A scorpion (D:8)
  8 wights
  3 killer bees (D:9)
  3 howler monkeys
  3 crimson imps
  2 jellies
  A bullfrog zombie (D:6)
  3 quasits
  5 hounds
  7 orc priests
  A centaur skeleton (D:6)
  4 iguanas
  10 orc wizards
  8 worker ants
  2 hound skeletons
  A worker ant zombie (D:7)
  A howler monkey skeleton (D:7)
  13 adders
  6 gnolls
  2 worms
  3 dart slugs (D:2)
  A leopard gecko (D:6)
  30 orcs
  5 giant cockroaches
  7 goblins
  6 hobgoblins
  11 jackals
  A quokka (D:9)
  3 ball pythons
  4 bats
  8 frilled lizards
  8 kobolds
  2 leopard gecko zombies
  6 rats
204 creatures vanquished.

Vanquished Creatures (others)
  A ghoul (D:1)
  2 minotaurs (D:1)
  A draconian (D:1)
  A vine stalker (D:1)
  2 formicids (D:1)
  A human (D:1)
  2 ogres (D:1)
  2 mummies (D:1)
  3 orcs (D:1)
  A giant cockroach (D:1)
  7 tentacles (D:1)
23 creatures vanquished.

Grand Total: 227 creatures vanquished

Notes
Turn   | Place    | Note
-------+----------+-------------------------------------------
     0 | D:1      | Colliwobble the Minotaur Fighter began the quest for the Orb.
     0 | D:1      | Reached XP level 1. HP: 19/19 MP: 0/0
     0 | D:1      | Upgraded the game from 0.20-a0-645-g0ac6e19 to 0.20-a0-647-gf178af5
     2 | D:1      | Noticed a ghoul
     2 | D:1      | Noticed a minotaur
     2 | D:1      | Noticed a human
     2 | D:1      | Noticed a minotaur
     2 | D:1      | Noticed a kraken
     2 | D:1      | Noticed a draconian
     2 | D:1      | Noticed a formicid
     2 | D:1      | Noticed an ogre
     2 | D:1      | Noticed a vine stalker
     2 | D:1      | Noticed an ogre
     2 | D:1      | Noticed a formicid
     6 | D:1      | Killed a minotaur
     6 | D:1      | Killed an ogre
     8 | D:1      | Killed a formicid
     9 | D:1      | Killed a minotaur
    10 | D:1      | Killed a vine stalker
    11 | D:1      | Killed a human
    12 | D:1      | Killed a ghoul
    16 | D:1      | Killed an ogre
    17 | D:1      | Killed a draconian
    17 | D:1      | Killed a formicid
   162 | D:1      | Reached skill level 3 in Axes
   239 | D:1      | Reached XP level 2. HP: 26/26 MP: 1/1
   421 | D:1      | Reached skill level 4 in Axes
   667 | D:2      | Reached XP level 3. HP: 27/31 MP: 2/2
   907 | D:2      | Reached skill level 5 in Axes
  1046 | D:2      | Reached XP level 4. HP: 39/39 MP: 3/3
  1472 | D:3      | Found a stormy altar of Qazlal.
  1480 | D:3      | Reached skill level 6 in Axes
  1496 | D:3      | Became a worshipper of Qazlal Stormbringer
  1528 | D:3      | Noticed a bullfrog
  1534 | D:3      | Killed a bullfrog
  1534 | D:3      | Reached XP level 5. HP: 40/45 MP: 4/4
  1636 | D:3      | Reached skill level 7 in Axes
  2152 | D:3      | Reached XP level 6. HP: 51/51 MP: 5/5
  2426 | D:4      | Reached skill level 8 in Axes
  2642 | D:4      | Found a sacrificial altar of Ru.
  2646 | D:4      | Reached * piety under Qazlal
  2741 | D:4      | Reached skill level 9 in Axes
  3017 | D:4      | Found Ixell's Gadget Shoppe.
  3044 | D:4      | Found a shimmering altar of Xom.
  3044 | D:4      | Found a white marble altar of Elyvilon.
  3092 | D:4      | Reached XP level 7. HP: 46/57 MP: 6/6
  3126 | D:5      | Entered Level 5 of the Dungeon
  3163 | D:5      | Noticed Edmund
  3179 | D:4      | Killed Edmund
  3194 | D:5      | Reached skill level 10 in Axes
  3205 | D:5      | Found a staircase to the Ecumenical Temple.
  3224 | Temple   | Entered the Ecumenical Temple
  3698 | D:5      | Learned a level 1 spell: Apportation
  3744 | D:5      | Reached skill level 11 in Axes
  3912 | D:5      | Reached XP level 8. HP: 60/66 MP: 7/7
  4355 | D:6      | Reached skill level 5 in Fighting
  4355 | D:6      | Reached skill level 5 in Armour
  4624 | D:6      | Found a stormy altar of Qazlal.
  5297 | D:7      | Reached ** piety under Qazlal
  5487 | D:7      | Reached XP level 9. HP: 66/78 MP: 10/10
  5563 | D:7      | Found Zin's Purification Station.
  5563 | D:7      | Found a glowing silver altar of Zin.
  5572 | D:7      | Bought a potion of curing for 90 gold pieces
  5893 | D:8      | Found a shattered altar of Ashenzari.
  5966 | D:8      | Found an iron altar of Okawaru.
  6056 | D:8      | Reached *** piety under Qazlal
  6212 | D:8      | Found Menaery's Gadget Emporium.
  6323 | D:8      | Reached skill level 5 in Invocations
  6558 | D:8      | Found Yweducue's Distillery.
  6561 | D:8      | Found Pashaal's Magic Scroll Shop.
  6563 | D:8      | Found a staircase to the Lair.
  6568 | D:8      | Bought a potion of heal wounds for 75 gold pieces
  6568 | D:8      | Bought a potion of degeneration for 15 gold pieces
  6805 | D:8      | Upgraded the game from 0.20-a0-647-gf178af5 to 0.20-a0-656-g9b0dcd9
  7000 | D:9      | Reached XP level 10. HP: 83/90 MP: 13/13
  7025 | D:9      | HP: 4/90 [poisoned by a killer bee]
  7096 | D:10     | Entered Level 10 of the Dungeon
  7648 | D:10     | Killed an unseen horror
  7996 | Lair:1   | Entered Level 1 of the Lair of Beasts
  8012 | Lair:1   | Found a labyrinth entrance.
  8022 | Lab      | Entered a labyrinth
  9005 | Lab      | Noticed a minotaur
  9010 | Lab      | HP: 1/90 [minotaur/scimitar of distortion (15)]
  9040 | Lab      | Mangled by a minotaur

Vault maps used:
D:1:      nicolae_arrival_kraken_aquarium_b, minmay_crystal_water
D:2:      grunt_ministairs_5, kennysheep_generic_room_13
D:3:      serial_park_tiny_1, grunt_qazlal_sundering
D:4:      gammafunk_temple_overflow_wave, serial_shops, shop, first_bread,
          nicolae_ru_great_annihilating_truth
D:5:      minmay_temple_entry_glass, lightli_corner_chamber, uniq_edmund
D:6:      kennysheep_little_box, serial_bayou_pond_a
D:7:      zin_purify
D:8:      kennysheep_spiral_hall, okawaru_ov_weapons_minmay,
          cheibrodos_ashenzari_chains, lair_entry_dummy, serial_shops,
          nicolae_shop_trees, nicolae_shop_stone, shop_statue, serial_glass,
          glass_columns_a, glass_columns_a, glass_columns_b, glass_columns_a
D:9:      marbit_many_paths, kennysheep_mini, lemuel_blue_sif_altar,
          basic_altar, david_nohive_1, nicolae_lava_and_water
Temple:   minmay_temple_bridge_abc
Lair:1:   lab_entry_generic
Lab:      labyrinth_watery

Skill      XL: |  1  2  3  4  5  6  7  8  9 10 |
---------------+-------------------------------+-----
Axes           | 3 4 5 6 7 9 11 | 11.0
Fighting       | 4 6 8 |  8.4
Armour         | 4 6 8 |  8.4
Invocations    | 3 6 8 |  8.3
Shields        | |  3.6

Action                   |  1- 3 |  4- 6 |  7- 9 | 10-12 || total
-------------------------+-------+-------+-------+-------++-------
Melee: War axe           |    95 |   168 |   407 |    60 ||   730
       Headbutt          |    13 |    24 |    78 |    11 ||   126
Throw: Tomahawk          |       |       |       |     7 ||     7
Evoke: Wand              |       |       |     2 |       ||     2
  Use: Scroll            |       |       |     6 |     4 ||    10
       Potion            |       |       |       |     6 ||     6
 Stab: Invisible         |       |     1 |       |       ||     1
  Eat: Chunk             |     1 |     6 |    25 |     2 ||    34
       Fruit             |       |       |     1 |       ||     1
Armor: Scale mail        |    32 |       |       |       ||    32
       Plate armour      |    26 |    81 |   165 |    72 ||   344
Dodge: Dodged            |    24 |    13 |    49 |    20 ||   106
Block: Shield            |    53 |    71 |   186 |    63 ||   373
